 Dungeon Crawl Stone Soup version 0.19.0-23-gf02e663 (webtiles) character file.

162 Exaltedone87 the Chopper (level 5, -4/49 HPs)
             Began as a Deep Dwarf Fighter on Nov 20, 2016.
             Slain by a gnoll
             ... wielding a +0 halberd
              (6 damage)
             ... on level 3 of the Dungeon.
             The game lasted 00:02:55 (1800 turns).

Exaltedone87 the Chopper (Deep Dwarf Fighter)       Turns: 1800, Time: 00:02:57

Health: -4/49      AC:  9    Str: 21    XL:     5   Next: 19%
Magic:  5/5        EV:  6    Int:  8    God:
Gold:   218        SH:  0    Dex: 12    Spells: 0 memorised, 4 levels left

rFire  . . .     SeeInvis .     a - +0 war axe
rCold  . . .     Gourm    .     m - +0 chain mail
rNeg   . . .     Faith    .     c - +0 shield
rPois  .         Spirit   .     (no helmet)
rElec  .         Reflect  .     (no cloak)
rCorr  .         Harm     .     (no gloves)
MR     .....                    (no boots)
Stlth  ..........               (no amulet)
                                (no ring)
                                (no ring)

@: confused, non-regenerating
A: damage resistance, recharge devices, sense surroundings 1, slow regeneration
3
a: Device Recharging


You were on level 3 of the Dungeon.
You were not hungry.

You visited 1 branch of the dungeon, and saw 3 of its levels.

You collected 218 gold pieces.

Inventory:

Hand Weapons
 a - a +0 war axe (weapon)
Armour
 c - a +0 shield (worn)
 m - a +0 chain mail (worn)
Wands
 e - a wand of heal wounds (3/9)
Scrolls
 b - a scroll of noise {unknown}
 h - 2 scrolls of identify {unknown}
 i - 3 scrolls of teleportation {unknown}
 o - a scroll of enchant weapon {unknown}
 p - 2 scrolls of remove curse {unknown}
Potions
 d - a potion of might
 g - a potion of brilliance {unknown}
 j - a potion of degeneration {unknown}
 l - a potion of beneficial mutation {unknown}
 n - a potion of ambrosia {unknown}
 q - a potion of flight {unknown}
 r - a potion of curing {unknown}
Comestibles
 f - 2 bread rations
 k - 2 beef jerkies
 s - a chunk of flesh


   Skills:
 + Level 3.3 Fighting
 * Level 4.1 Axes
 + Level 3.8 Armour
 + Level 1.5 Dodging
 + Level 4.0 Shields


You had 4 spell levels left.
You didn't know any spells.

Dungeon Overview and Level Annotations

Branches:
Dungeon (3/15)

Altars:


Innate Abilities, Weirdness & Mutations

You are resistant to damage.
You can recharge devices by infusing magical energy.
You passively map a small area around you.
You do not regenerate.


Message History

A magic dart appears from out of thin air!
The magic dart hits you! You block the gnoll's attack.
The gnoll hits the plant with a flail!
The gnoll hits you from afar with a spear.
You hear some strange, mumbled words.
You are confused.
The gnoll hits something with a halberd.
The gnoll splashes around in the water.
You bump into the rock wall.
The gnoll splashes around in the water.
You hear some strange, mumbled words.
A puff of flame appears from out of thin air!
The puff of flame hits you!
You miss something. Something hits you but does no damage.
The gnoll hits you from afar with a halberd!
* * * LOW HITPOINT WARNING * * *
You hear a splashing noise.
The orc hits something but does no damage.
Something hits you but does no damage.
The gnoll hits you from afar with a halberd!
You die...

.##...............#
.##.########......#
* .##.#
#......#######
.##.#
#.............
.##.#
#......####♣♣. ,
.##.# #.####.# ≈
.##.# #.# ##'##
.##.# #.# #...♣ ≈ ≈
* ....# #@.♣♣♣♣*≈ ♣
, #####
*#.###.{♣♣P♣♣[≈≈P
#......)gogg≈.≈≈≈
#.....#.♣♣≈..≈≈≈♣
≈, #.....#.♣
♣♣♣.≈♣♣ * #...[.#.#
* ≈♣ ##......# **≈
######## ≈≈ ≈*


You could see a gnoll and an orc.

Vanquished Creatures
  A hound (D:3)
  An orc wizard (D:3)
  A gnoll (D:3)
  2 adders (D:2)
  2 oozes (D:1)
  3 worms (D:2)
  4 dart slugs
  5 orcs (D:3)
  6 bats
  3 giant cockroaches
  4 goblins
  2 hobgoblins (D:2)
  4 jackals (D:2)
  3 kobolds
  4 frilled lizards
  7 rats
  A plant (D:3)
53 creatures vanquished.

Vanquished Creatures (others)
  A plant (D:3)
1 creature vanquished.

Grand Total: 54 creatures vanquished

Notes
Turn   | Place    | Note
-------+----------+-------------------------------------------
     0 | D:1      | Exaltedone87 the Deep Dwarf Fighter began the quest for the Orb.
     0 | D:1      | Reached XP level 1. HP: 20/20 MP: 1/1
   138 | D:1      | Reached XP level 2. HP: 24/27 MP: 2/2
   403 | D:1      | Reached XP level 3. HP: 27/33 MP: 3/3
   705 | D:2      | Reached skill level 1 in Dodging
  1218 | D:2      | Reached XP level 4. HP: 25/42 MP: 4/4
  1795 | D:3      | Reached XP level 5. HP: 18/49 MP: 5/5
  1800 | D:3      | HP: 2/49 [gnoll/halberd (13)]
  1800 | D:3      | Slain by a gnoll

Skill      XL: |  1  2  3  4 |
---------------+-------------+-----
Fighting       | 3 |  3.3
Axes           | 3 4 |  4.1
Dodging        | 1 |  1.5
Shields        | 4 |  4.0
Armour         | |  3.8

Action                   |  1- 3 |  4- 6 || total
-------------------------+-------+-------++-------
Melee: War axe           |   113 |    84 ||   197
Evoke: Wand              |       |     2 ||     2
  Eat: Chunk             |     1 |     2 ||     3
Armor: Scale mail        |    29 |       ||    29
       Chain mail        |    39 |    64 ||   103
Dodge: Dodged            |    28 |    18 ||    46
Block: Shield            |    50 |    45 ||    95
